 Dungeon Crawl Stone Soup version 0.30-a0-591-g3c58d2bc28 (webtiles) character file.

Game seed: 8176777847759628308

75 cforsyth the Digger (level 4, -1/24 HPs)
             Began as a Gargoyle Earth Elementalist on Jan 5, 2023.
             Slain by a gnoll
             ... wielding a +0 spear
              (6 damage)
             ... on level 3 of the Dungeon.
             The game lasted 00:02:09 (1852 turns).

cforsyth the Digger (Gargoyle Earth Elementalist)   Turns: 1852, Time: 00:02:10

Health: -1/24      AC:  5    Str: 12    XL:     4   Next: 31%
Magic:  5/8        EV: 11    Int: 17    God:
Gold:   96         SH:  0    Dex: 10    Spells: 8/9 levels left

rFire   . . .      SeeInvis .    (no weapon)
rCold   . . .      Faith    .    g - orb {light}
rNeg    + . .      Spirit   .    a - +0 robe
rPois   ∞          Reflect  .    (no helmet)
rElec   +          Harm     .    (no cloak)
rCorr   .          Rampage  .    (no gloves)
Will    .....                    (no boots)
Stlth   +                        (no amulet)
HPRegen 0.24/turn                (no ring)
MPRegen 0.11/turn                (no ring)

@: glowing
A: sickness immunity, AC +3, negative energy resistance 1, electricity
resistance, torment resistance 1, petrification resistance
a: no special abilities


You were on level 3 of the Dungeon.
You visited 1 branch of the dungeon, and saw 3 of its levels.

You collected 96 gold pieces.

Inventory:

Armour
 a - a +0 robe (worn)
 g - an orb of light (worn)
Jewellery
 i - a +5 ring of evasion
Scrolls
 d - a scroll of magic mapping {unknown}
 e - 2 scrolls of teleportation {unknown}
 k - a scroll of vulnerability {unknown}
 l - 2 scrolls of identify {unknown}
 m - 2 scrolls of amnesia {unknown}
Potions
 b - a potion of magic
 c - 2 potions of attraction {unknown}
 f - 2 potions of degeneration {unknown}
 h - a potion of curing {unknown}
 j - 2 potions of resistance {unknown}


   Skills:
 - Level 1.5 Dodging
 - Level 2.1 Stealth
 + Level 3.2 Spellcasting
 - Level 0.7 Transmutations
 + Level 5.0 Earth Magic


You had 8 spell levels left.
You knew the following spells:

 Your Spells              Type           Power      Damage    Failure   Level
a - Sandblast             Erth           38%        2d10      2%          1

Your spell library contained the following spells:

 Spells                   Type           Power      Damage    Failure   Level
 Passwall                 Tmut/Erth      10%        N/A       8%          2
 Stone Arrow              Conj/Erth      22%        3d8       19%         3
 Petrify                  Tmut/Erth      12%        N/A       45%         4


Dungeon Overview and Level Annotations

Branches:
Dungeon (3/15)

Altars:


Innate Abilities, Weirdness & Mutations

You are immune to sickness and miasma.
Your stone body is resilient. (AC +3)
You are immune to poison.
You resist negative energy. (rN+)
You are resistant to electric shocks. (rElec)
You are resistant to unholy torment.
You are immune to petrification.


Message History

There is a stone staircase leading up here.
The jackal closely misses you. x2
You climb upwards.
There is a stone staircase leading down here.
The blast of sand hits the jackal!
You kill the jackal!
The jackal misses you. The jackal barely misses you.
The blast of sand misses the jackal.
The jackal bites you. The jackal barely misses you.
The blast of sand hits the jackal!
You kill the jackal!
You can't see any susceptible monsters within range! (Use Z to cast anyway.)
You start resting.
HP restored.
You start resting.
Magic restored.
You climb downwards.
There is a stone staircase leading up here.
The blast of sand hits the gnoll.
The gnoll is heavily wounded.
The gnoll hits you from afar with a +0 spear!
The blast of sand hits the gnoll.
The gnoll is severely wounded.
The gnoll hits you from afar with a +0 spear.
The gnoll hits you but does no damage.
You are too injured to fight recklessly!
You are too injured to fight recklessly!
You are too injured to fight recklessly!
Unknown command.
Casting: Sandblast (safe; 2% risk of failure)
Confirm with . or Enter, or press ? or * to list all spells.
Aiming: Sandblast (safe; 2% risk of failure)
Press: ? - help, Shift-Dir - straight line, f/p - gnoll
Aim: a gnoll, wielding a +0 spear (severely wounded, haloed, 88% to hit)
The blast of sand hits the gnoll.
The gnoll is almost dead.
The gnoll hits you from afar with a +0 spear!
* * * LOW HITPOINT WARNING * * *
The gnoll hits you from afar with a +0 spear.
You die...

##.....##
........##
.........##
..........# #
.......... .$
.........##.#$#
..>.....)......
...!...@.#
.....g)....#
.........###
..........
.........#.
#..g.....#.#
##........ .
.....##.. .#


You could see 2 gnolls.

Vanquished Creatures
  A gnoll (D:2)
  3 adders (D:2)
  3 bats (D:2)
  2 endoplasms (D:2)
  3 giant cockroaches
  3 goblins
  5 hobgoblins
  2 jackals (D:2)
  4 ball pythons
  4 frilled lizards (D:2)
  3 kobolds
  9 rats
42 creatures vanquished.

Notes
Turn   | Place    | Note
-------+----------+-------------------------------------------
     0 | D:1      | cforsyth the Gargoyle Earth Elementalist began the quest
                  | for the Orb.
     0 | D:1      | Reached XP level 1. HP: 10/10 MP: 3/3
     6 | D:1      | Noticed a polar bear
     6 | D:1      | Noticed a lindwurm
     6 | D:1      | Noticed a hog
     7 | D:1      | Noticed a rime drake
   266 | D:1      | Reached XP level 2. HP: 15/15 MP: 1/5
   382 | D:1      | Reached skill level 4 in Earth Magic
   790 | D:2      | Reached XP level 3. HP: 19/19 MP: 1/6
  1587 | D:2      | Reached XP level 4. HP: 21/24 MP: 5/8
  1662 | D:2      | Reached skill level 5 in Earth Magic
  1852 | D:3      | Slain by a gnoll

Illustrated notes

Levels and vault maps discovered:
D:1:      onia_arrival_zoo_common, layout_rooms, minmay_misc_feat_tiny
D:2:      layout_basic
D:3:      layout_rooms, ebering_dispersal_statue_hall

Skill      XL: |  1  2  3  4 |
---------------+-------------+-----
Earth Magic    | 4 5 |  5.0
Spellcasting   | 3 |  3.2
Dodging        | |  1.5
Stealth        | |  2.1
Transmutations | |  0.7

Action                   |  1- 3 |  4- 6 || total
-------------------------+-------+-------++-------
Melee: Unarmed           |     3 |       ||     3
 Cast: Sandblast         |    48 |    15 ||    63
Armor: Robe              |     9 |     8 ||    17
Dodge: Dodged            |    18 |    21 ||    39

Table legend: (Time is in decaauts)
 A = Elapsed time spent in this place.
 B = Non-inter-level travel time spent in this place.
 C = Inter-level travel time spent in this place.
 D = Time resting spent in this place.
 E = Time spent auto-exploring this place.
 F = Levels seen in this place.
 G = Mean time per level.
                   A        B        C        D        E       F      G
               +--------+--------+--------+--------+--------+-----+--------+
         Total |   1889 |   1850 |     39 |    360 |   1248 |   3 |  629.7 |
       Dungeon |   1889 |   1850 |     39 |    360 |   1248 |   3 |  629.7 |
               +--------+--------+--------+--------+--------+-----+--------+

Top non-repeatable levels by time:
     D:2: 1245 daAuts
     D:1: 619 daAuts
     D:3: 24 daAuts
